 Dungeon Crawl Stone Soup version 0.22-a0-429-g97ce8ef (webtiles) character file.

65 Mgcat the Skirmisher (level 4, 0/38 HPs)
             Began as a Barachi Fighter on May 25, 2018.
             Slain by a gnoll
             ... wielding a +0 spear
              (7 damage)
             ... on level 2 of the Dungeon.
             The game lasted 00:02:00 (766 turns).

Mgcat the Skirmisher (Barachi Fighter)               Turns: 766, Time: 00:02:00

Health: 0/38       AC:  6    Str: 19    XL:     4   Next: 13%
Magic:  4/4        EV:  7    Int:  8    God:
Gold:   64         SH:  9    Dex: 11    Spells: 3/3 levels left

rFire    . . .     SeeInvis .   a - +0 war axe
rCold    . . .     Gourm    .   c - +0 shield
rNeg     . . .     Faith    .   b - +0 scale mail
rPois    +         Spirit   .   (no helmet)
rElec    .         Reflect  .   (no cloak)
rCorr    .         Harm     .   (no gloves)
MR       .....                  (no boots)
Stlth    ..........             (no amulet)
HPRegen  0.12/turn              j - ring of poison resistance {rPois, !d}
MPRegen  0.09/turn              (no ring)

@: slow
A: +LOS, swims, slowness 1, strong legs 1
a: Hop


You were on level 2 of the Dungeon.
You were not hungry.

You visited 1 branch of the dungeon, and saw 2 of its levels.

You collected 64 gold pieces.

Inventory:

Hand Weapons
 a - a +0 war axe (weapon)
Armour
 b - a +0 scale mail (worn)
 c - a +0 shield (worn)
Jewellery
 j - a ring of poison resistance (left hand) {rPois, !d}
   (You found it on level 1 of the Dungeon)
Scrolls
 g - a scroll of identify {unknown}
 h - a scroll of teleportation {unknown}
 i - 2 scrolls of blinking {unknown}
 k - a scroll of random uselessness {unknown}
Potions
 d - a potion of ambrosia {unknown}
 e - a potion of curing {unknown}
 l - 2 potions of berserk rage {unknown}
Comestibles
 f - 3 rations
 m - 4 chunks of flesh {@w0}


   Skills:
 + Level 4.9 Fighting
 + Level 3.6 Axes
 - Level 3.6 Armour
 - Level 3.2 Shields


You had 3 spell levels left.
You didn't know any spells.
Your spell library was empty.

Dungeon Overview and Level Annotations

Branches:
Dungeon (2/15)

Altars:


Innate Abilities, Weirdness & Mutations

Shadows flee at your approach. (+LOS)
You can swim through water.
You cover ground slowly.
You can hop short distances.


Message History

The worm is heavily wounded.
You block the worm's attack.
You slice the worm!!
You kill the worm!
A gnoll comes into view. It is wielding a spear.
You see here 21 stones.
You feel a little less mighty now.
You see here 21 stones.
Key pressed, stopping explore.
Key pressed, stopping explore.
Key pressed, stopping explore.
d - a smoky cyan potion
Things that are here:
a robe; a worm corpse You butcher the worm corpse.
m - 3 chunks of flesh {@w0} (gained 2)
You see here a robe. x2
You butcher the quokka corpse.
m - 5 chunks of flesh {@w0} (gained 2) Some of the chunks of flesh in your inventory have rotted away.
A rat and a hobgoblin come into view.
The hobgoblin shouts!
You hear a shout!
You start resting.
The hobgoblin is too close now for your liking.
You closely miss the hobgoblin.
The hobgoblin hits you but does no damage.
You hit the hobgoblin.
The hobgoblin is severely wounded.
The hobgoblin hits you but does no damage.
You slash the hobgoblin!
You kill the hobgoblin!
You slash the rat!
You kill the rat!
No target in view!
No target in view!
No target in view!
No target in view!
A gnoll comes into view.
Things that are here:
a club; a rat corpse; a hobgoblin corpse A gnoll is nearby!
A gnoll comes into view. It is wielding a flail.
The gnoll shouts!
The gnoll barely misses you.
You hit the gnoll.
The gnoll is moderately wounded.
The gnoll barely misses you. You block the gnoll's attack.
You barely miss the gnoll.
The gnoll is moderately wounded.
The gnoll shouts!
The gnoll barely misses you.
You barely miss the gnoll.
The gnoll is moderately wounded.
The gnoll hits you but does no damage. The gnoll hits you.
The gnoll drinks a potion.
The gnoll seems to grow stronger.
You hit the gnoll but do no damage.
The gnoll is moderately wounded.
The gnoll barely misses you.
You hit the gnoll.
The gnoll is severely wounded.
The gnoll hits you but does no damage. You block the gnoll's attack. x2
You closely miss the gnoll.
The gnoll is severely wounded.
You hit the gnoll. The gnoll hits you with a flail!
The gnoll closely misses you. You block the gnoll's attack.
The gnoll hits you with a flail.
You slash the gnoll!
You kill the gnoll!
You have reached level 4!
You feel stronger.
You hit the gnoll but do no damage.
The gnoll hits you from afar with a spear!
* * * LOW HITPOINT WARNING * * *
You block the gnoll's attack.
Unknown command.
Unknown command.
Okay, then.
Unknown command.
Okay, then.
You hit the gnoll.
The gnoll is heavily wounded.
The gnoll barely misses you. The gnoll hits you but does no damage.
You block the gnoll's attack.
Unknown command.
Unknown command.
Okay, then.
Unknown command.
Unknown command.
Unknown command.
You hit the gnoll.
The gnoll is almost dead.
The gnoll closely misses you. The gnoll hits you but does no damage.
Unknown command.
Unknown command.
You barely miss the gnoll.
The gnoll is almost dead.
The gnoll hits you but does no damage. You block the gnoll's attack.
A worm comes into view.
The gnoll hits you from afar with a spear!
You die...

.. ..# #.# ... ..###.#
#...#.# #...#.# #...#.#
#..#.# . #.#.# ..
#@?.##########
ยง..#####g..........#####
......g.g>..............
......g.............[...
..............###.......
............### #.......
#..........[..# #.......
#.......w..##.###.......
#..........##...#.....).


You could see a worm (wandering) and 2 gnolls.

Vanquished Creatures
  Jessica (D:2)
  A gnoll (D:2)
  A worm (D:2)
  A dart slug (D:1)
  2 goblins (D:1)
  4 hobgoblins
  A quokka (D:2)
  2 ball pythons (D:1)
  5 bats
  A frilled lizard (D:1)
  4 kobolds (D:1)
  3 rats
26 creatures vanquished.

Notes
Turn   | Place    | Note
-------+----------+-------------------------------------------
     0 | D:1      | Mgcat the Barachi Fighter began the quest for the Orb.
     0 | D:1      | Reached XP level 1. HP: 18/18 MP: 1/1
   185 | D:1      | Reached XP level 2. HP: 25/25 MP: 2/2
   202 | D:1      | Reached skill level 4 in Fighting
   589 | D:2      | Reached skill level 3 in Axes
   629 | D:2      | Noticed Jessica
   636 | D:2      | Killed Jessica
   636 | D:2      | Reached XP level 3. HP: 15/31 MP: 3/3
   763 | D:2      | Reached XP level 4. HP: 15/38 MP: 4/4
   763 | D:2      | HP: 7/38 [gnoll/spear (9)]
   766 | D:2      | Slain by a gnoll

Vault maps used:
D:1:      dpeg_arrival_three_bigger_balls
D:2:      lemuel_doored_altar, uniq_jessica

Skill      XL: |  1  2 |
---------------+-------+-----
Fighting       | 4 |  4.9
Axes           | 3 |  3.6
Armour         | |  3.6
Shields        | |  3.2

Action                   |  1- 3 |  4- 6 || total
-------------------------+-------+-------++-------
Melee: War axe           |    72 |     3 ||    75
  Use: Potion            |     1 |       ||     1
Armor: Scale mail        |    34 |     2 ||    36
Dodge: Dodged            |    29 |     2 ||    31
Block: Shield            |    30 |     3 ||    33

Table legend:
 A = Spawn XP
 B = Non-spawn XP
 C = Spawn XP percentage of total XP
 D = Spawn monster count
 E = Non-spawn monster count
 F = Spawn count percentage of total count
 G = Total turns spent on level
                    A         B        C        D         E        F      G
               +---------+---------+-------+---------+---------+-------+---------
         Total |       0 |      93 |   0.0 |       0 |      26 |   0.0 |   766
               +---------+---------+-------+---------+---------+-------+---------
           D:1 |       0 |      24 |   0.0 |       0 |      16 |   0.0 |   536
           D:2 |       0 |      69 |   0.0 |       0 |      10 |   0.0 |   230
               +---------+---------+-------+---------+---------+-------+---------

Vault maps used:
D:1:      dpeg_arrival_three_bigger_balls
D:2:      lemuel_doored_altar, uniq_jessica

Table legend:
 A = Turns spent in this place as a percentage of turns spent in the entire game.
 B = Non-inter-level travel turns spent in this place as a percentage of non-inter-level travel turns spent in the entire game.
 C = Inter-level travel turns spent in this place as a percentage of turns spent in this place.
 D = Turns resting spent in this place as a percentage of non-inter-level travel turns spent in this place.
 E = Turns spent auto-exploring this place as a percentage of non-inter-level travel turns spent in this place.
 F = Non-inter-level travel turns spent in this place divided by the number of levels of this place that you've seen.
                   A       B       C       D       E      F
               +-------+-------+-------+-------+-------+----------------------
         Total | 100.0 | 100.0 |   0.7 |   0.5 |  77.1 | 380.5
       Dungeon | 100.0 | 100.0 |   0.7 |   0.5 |  77.1 | 380.5
               +-------+-------+-------+-------+-------+----------------------

Table legend:
 A = Kills in this place as a percentage of kills in entire the game.
 B = Kills by you in this place as a percentage of kills by you in the entire game.
 C = Kills by friends in this place as a percentage of kills by friends in the entire game.
 D = Other kills in this place as a percentage of other kills in the entire game.
 E = Experience gained in this place as a percentage of experience gained in the entire game.
 F = Experience gained in this place divided by the number of levels of this place that you have seen.
                   A       B       C       D       E      F
               +-------+-------+-------+-------+-------+----------------------
         Total | 100.0 | 100.0 |   N/A |   N/A | 100.0 |  46.5
       Dungeon | 100.0 | 100.0 |   N/A |   N/A | 100.0 |  46.5
               +-------+-------+-------+-------+-------+----------------------
